 Dungeon Crawl Stone Soup version 0.21-a0-529-g8c7b3f5d53 (webtiles) character file.

94 JackS81 the Changer (level 4, -2/32 HPs)
             Began as a Demonspawn Transmuter on Dec 9, 2017.
             Killed from afar by Sigmund (8 damage)
             ... with a puff of flame
             ... on level 2 of the Dungeon.
             The game lasted 00:08:57 (2605 turns).

JackS81 the Changer (Demonspawn Transmuter)         Turns: 2605, Time: 00:09:00

Health: -2/32      AC:  2    Str:  9    XL:     4   Next: 38%
Magic:  2/7        EV: 19    Int: 15    God:
Gold:   81         SH:  0    Dex: 20    Spells: 3/7 levels left

rFire    . . .     SeeInvis .     - Unarmed
rCold    . . .     Gourm    .   (shield currently unavailable)
rNeg     . . .     Faith    .   (armour currently unavailable)
rPois    x         Spirit   .   (helmet currently unavailable)
rElec    .         Reflect  .   (cloak currently unavailable)
rCorr    .         Harm     .   (gloves currently unavailable)
MR       .....                  (boots currently unavailable)
Stlth    ++........             (no amulet)
HPRegen  0.10/turn              (no ring)
MPRegen  0.10/turn              (no ring)

@: spider-form
A: tiny, agile 1, weak 1
a: End Transformation


You were on level 2 of the Dungeon.
You were hungry.
You were a venomous arachnid creature.
You visited 1 branch of the dungeon, and saw 2 of its levels.

You collected 81 gold pieces.

Inventory:

Missiles
 a - 33 arrows
 j - 8 needles of confusion
Armour
 b - a +0 robe (melded)
Jewellery
 p - an uncursed ring of fire {unknown}
Scrolls
 h - 2 scrolls of blinking {unknown}
 i - 2 scrolls of identify {unknown}
 l - a scroll of amnesia {unknown}
 m - a scroll of remove curse {unknown}
 o - a scroll of immolation {unknown}
 r - 3 scrolls of teleportation {unknown}
Potions
 e - a potion of degeneration {unknown}
 f - a potion of might
 g - a potion of heal wounds {unknown}
 n - a potion of mutation
Books
 c - a book of Changes

   Spells                             Type                      Level
   a - Beastly Appendage              Transmutation                1
   b - Sticks to Snakes               Transmutation                2
   c - Spider Form                    Transmutation/Poison         3
   d - Ice Form                       Ice/Transmutation            4
   e - Blade Hands                    Transmutation                5
Comestibles
 d - a bread ration
 k - 2 meat rations


   Skills:
 - Level 1.0 Fighting
 - Level 1.7 Dodging
 - Level 3.0 Unarmed Combat
 - Level 2.0 Spellcasting
 * Level 3.9 Transmutations
 * Level 0.8 Poison Magic


You had 3 spell levels left.
You knew the following spells:

 Your Spells              Type           Power        Failure   Level  Hunger
a - Beastly Appendage     Tmut           ##....       13%         1    #......
b - Spider Form           Tmut/Pois      #.........   45%         3    ###....


Dungeon Overview and Level Annotations

Branches:
Dungeon (2/15)

Altars:

Annotations:
D:2 Sigmund


Innate Abilities, Weirdness & Mutations

((Your movements are slightly less encumbered by armour. (ER -2)))
((You have a pair of small antennae on your head.))
You are agile. (Dex +2)
((Armour fits poorly on your strangely shaped body.))
You are weak. (Str -2)


Message History

You hit Sigmund.
Sigmund is heavily wounded.
Sigmund barely misses you.
Your transformation has ended.
Your +0 robe unmelds from your body.
Sigmund zaps a wand.
The puff of flame misses you.
It was a potion of mutation.
You feel extremely strange.
You feel weaker.
You feel agile.
Your body twists and deforms.
A pair of antennae grows on your head!
You feel less confused. Sigmund gestures at you while chanting.
The magic dart hits you!
* * * LOW HITPOINT WARNING * * *
Casting: Spider Form
Confirm with . or Enter, or press ? or * to list all spells.
You turn into a venomous arachnid creature.
Your +0 robe melds into your body.
Sigmund gestures at you while chanting. The puff of flame hits you!
You die...

#.......................########
#.############..#.#####.# # #.#
#........#.# #.######## #.#
##.#####.##.# #..)...... #.#
#....[...##.## ##########
##.#####..#######...## ###
..........######.#.#.#### ...
##.#####.###...@........# .##
...## #.# #.###s#.#.##.# #
#...####.# #.# ##...# #
.#.#.....# #.# #..## #
#...#.#### #.# #.## # ##.##.#
#.# #.# # #.##.######.####.## #
#.##.#............# ###
#......####.####..# #.. #.##.#.#
#.# #..# #..


You could see Sigmund.

Vanquished Creatures
  3 adders (D:2)
  2 oozes (D:1)
  2 worms (D:2)
  A dart slug (D:1)
  2 leopard geckos
  A ball python (D:1)
  2 giant cockroaches
  4 goblins (D:1)
  3 hobgoblins
  6 jackals (D:1)
  3 kobolds (D:1)
  2 quokkas (D:2)
  8 bats (D:1)
  3 frilled lizards
  5 rats
47 creatures vanquished.

Notes
Turn   | Place    | Note
-------+----------+-------------------------------------------
     0 | D:1      | JackS81 the Demonspawn Transmuter began the quest for the Orb.
     0 | D:1      | Reached XP level 1. HP: 15/15 MP: 3/3
   180 | D:1      | Gained mutation: Your movements are slightly less encumbered by armour. (ER -2) [demonic ancestry]
   180 | D:1      | Reached XP level 2. HP: 20/21 MP: 1/5
   495 | D:1      | Reached XP level 3. HP: 6/26 MP: 6/6
  1249 | D:1      | Learned a level 3 spell: Spider Form
  1904 | D:2      | Noticed Sigmund
  2000 | D:2      | Reached XP level 4. HP: 23/32 MP: 5/7
  2604 | D:2      | Gained mutation: You are weak. (Str -2) [potion of mutation]
  2604 | D:2      | Gained mutation: You are agile. (Dex +2) [potion of mutation]
  2604 | D:2      | Gained mutation: Armour fits poorly on your strangely shaped body. [potion of mutation]
  2604 | D:2      | Gained mutation: You have a pair of small antennae on your head. [potion of mutation]
  2605 | D:2      | Killed from afar by Sigmund

Vault maps used:
D:1:      onia_arrival_mini_spirals, glass_columns_b
D:2:      solitary_fountain, kennysheep_generic_room_16, uniq_sigmund

Skill      XL: |  1  2  3 |
---------------+----------+-----
Unarmed Combat | 3 |  3.0
Transmutations | 2 3 |  3.9
Fighting       | |  1.0
Dodging        | |  1.7
Spellcasting   | |  2.0
Poison Magic   | |  0.8

Action                   |  1- 3 |  4- 6 || total
-------------------------+-------+-------++-------
Melee: Unarmed           |   138 |    28 ||   166
       Kick              |    15 |       ||    15
       Headbutt          |     5 |     3 ||     8
 Cast: Beastly Appendage |    27 |     1 ||    28
       Spider Form       |     1 |     5 ||     6
  Use: Potion            |     1 |     1 ||     2
  Eat: Chunk             |     3 |     1 ||     4
       Royal jelly       |     1 |       ||     1
Armor: Robe              |    36 |       ||    36
Dodge: Dodged            |    99 |    14 ||   113

Table legend:
 A = Spawn XP
 B = Non-spawn XP
 C = Spawn XP percentage of total XP
 D = Spawn monster count
 E = Non-spawn monster count
 F = Spawn count percentage of total count
 G = Total turns spent on level
                    A         B        C        D         E        F      G
               +---------+---------+-------+---------+---------+-------+---------
         Total |       0 |     135 |   0.0 |       0 |      47 |   0.0 |  2605
               +---------+---------+-------+---------+---------+-------+---------
           D:1 |       0 |      69 |   0.0 |       0 |      33 |   0.0 |  1276
           D:2 |       0 |      66 |   0.0 |       0 |      14 |   0.0 |  1329
               +---------+---------+-------+---------+---------+-------+---------
